 Dungeon Crawl Stone Soup version 0.21-a0-265-gb353147 (webtiles) character file.

14923 WigWam the Grappler (level 11, 0/121 (122) HPs)
             Began as a Troll Chaos Knight on Sept 11, 2017.
             Slain by a swamp worm (18 damage)
             ... on level 1 of the Lair of Beasts.
             The game lasted 00:16:37 (12406 turns).

WigWam the Grappler (Troll Chaos Knight)           Turns: 12406, Time: 00:16:37

HP:   0/121 (122)   AC: 14    Str: 26 (27) XL:     11   Next: 95%
MP:   8/8           EV: 10    Int:  5 (6)  God:    Xom [..*...]
Gold: 705           SH:  0    Dex:  8 (9)  Spells: 10/10 levels left

rFire    . . .     SeeInvis +     - Unarmed
rCold    . . .     Gourm    +   (no shield)
rNeg     . . .     Faith    .   a - +2 robe
rPois    .         Spirit   .   (helmet restricted)
rElec    .         Reflect  .   k - +0 cloak
rCorr    .         Harm     .   (gloves unavailable)
MR       .....                  (boots unavailable)
Stlth    +.........             (no amulet)
HPRegen  0.70/turn              x - ring of flight
MPRegen  0.11/turn              (no ring)

@: invisible
A: unfitting armour, claws 3, horns 1, talons 1, iridescent scales 1, molten
scales 1, yellow scales 1, see invisible, deterioration 1, dopey 1, fast
metabolism 3, gourmand, low mp 1, regeneration 1, shaggy fur 1, strong 1, tough
skin 2
a: Renounce Religion, Evoke Flight


You were on level 1 of the Lair of Beasts.
You worshipped Xom.
You were a toy of Xom.
You were not hungry.

You visited 2 branches of the dungeon, and saw 13 of its levels.
You also visited: Sewer.

You collected 705 gold pieces.

Inventory:

Hand Weapons
 r - a +2 quarterstaff of chaos
Missiles
 d - 434 stones (quivered)
 D - 2 large rocks
Armour
 a - a +2 robe (worn)
 k - a +0 cloak (worn)
Jewellery
 x - a ring of flight (left claw)
Wands
 h - a wand of flame (14/48)
 i - a wand of disintegration (4/24)
 q - a wand of iceblast (6/15)
 w - a wand of random effects (31/48)
 y - a wand of lightning (8/15)
 z - a wand of random effects (28/48)
 A - a wand of flame (23/48)
 E - a wand of paralysis (13/24)
 G - a wand of polymorph (16/24)
 I - a wand of iceblast (8/15)
 J - a wand of lightning (3/15)
Scrolls
 c - 5 scrolls of teleportation
 m - 4 scrolls of random uselessness
 p - 3 scrolls of identify
 F - 2 scrolls of amnesia
 H - a scroll of magic mapping
 K - a scroll of remove curse
 L - 3 scrolls of fog
 M - 2 scrolls of summoning {unknown}
Potions
 e - a potion of flight
 f - 2 potions of lignification
 g - 3 potions of invisibility
 j - 4 potions of brilliance
 n - 4 potions of curing
 o - 3 potions of might
 v - a potion of agility
Comestibles
 b - 6 bread rations
 l - 6 meat rations
 s - 17 royal jellies
 u - 10 fruits


   Skills:
 - Level 11.6 Fighting
 + Level 3.7 Dodging
 + Level 13.3 Unarmed Combat


You had 10 spell levels left.
You didn't know any spells.

Dungeon Overview and Level Annotations

Branches:
Dungeon (10/15)            Temple (0/1) D:7            Lair (3/6) D:9
  Snake (0/4) Lair:2
  Swamp: Lair:2-4    Shoals: Lair:2-4       Orc: D:9-12

Altars:
Ashenzari
Cheibriados
Dithmenos
Fedhas
Kikubaaqudgha
Makhleb
Qazlal
Sif Muna
Uskayaw
Vehumet
Xom
Yredelemnul
Zin

Annotations:
D:2 1 transporter
D:5 exclusion: statue
D:9 2 transporters


Innate Abilities, Weirdness & Mutations

You are too large for most types of armour.
You have claws for hands.
Your metabolism is lightning-fast.
You like to eat raw meat.
Your natural rate of healing is unusually fast.
You are covered in fur. (AC +1)
You have very tough skin. (AC +2)
You have a pair of small horns on your head.
You have sharp toenails.
You are partially covered in iridescent scales. (AC +2)
You are partially covered in molten scales. (AC +2)
You are partially covered in yellow scales. (AC +2)
You have supernaturally acute eyesight. (SInv)
Your body sometimes deteriorates upon taking damage.
You are dopey. (Int -2)
Your magical capacity is low. (-10% MP)
Your muscles are strong. (Str +2)


Message History

The blink frog barely misses you.
The swamp worm bites you but does no damage.
The blink frog misses you.
The blink frog blinks!
The blink frog blinks!
The blink frog blinks!
The blink frog blinks!
The blink frog hits the fungus!!
There is a stone staircase leading up here.
The swamp worm bites you!
* * * LOW HITPOINT WARNING * * *
You climb upwards.
There is a stone staircase leading down here.
Unknown command.
Okay, then.
Unknown command.
Unknown command.
You fade into invisibility!
The swamp worm bites you!!
You die...

### ##.####### ###
#......... #P########
#.........
##...>....####.........
#.........+.##.........
##...>w...#.##.........
#....@...#.##.........
#..........##.........
#........#..'.........
##........####.........
#P........# #.........
#####.#P'## #.........
###...# ######..##
###...### ###..#
#....## #....#


You could see a swamp worm.

Vanquished Creatures
  2 two-headed ogres
  A lindwurm (Lair:2)
  A cyclops (D:8)
  Maurice (D:8)
  A rime drake (Lair:1)
  2 spiny frogs
  A komodo dragon (Lair:2)
  A troll (D:7)
  Grinder (D:4)
  A hippogriff (D:4)
  A spriggan (D:6)
  Sigmund (D:3)
  2 basilisks
  2 wyverns
  The ghost of p0werm0de the Skirmisher, an amateur DsHu (Sewer)
  16 yaks
  2 hungry ghosts
  A human (D:10)
  A naga (Lair:2)
  5 water moccasins
  A phantom (D:6)
  A sky beast (D:2)
  A black bear (D:7)
  2 necrophages
  4 ogres
  6 wolves (Lair:2)
  7 centaurs
  2 crocodiles (Lair:2)
  7 big kobolds
  12 bullfrogs
  2 scorpions
  9 wights (D:10)
  10 killer bees
  4 howler monkeys
  5 crimson imps
  A centaur zombie (D:7)
  6 hounds
  3 jellies
  2 orc priests
  Crazy Yiuf (D:5)
  Jessica (D:3)
  A centaur skeleton (D:4)
  4 iguanas
  Natasha (twice) (D:4)
  4 worker ants
  5 orc wizards
  A killer bee zombie (D:9)
  Robin (D:3)
  11 adders
  7 gnolls (D:4)
  3 river rats
  4 oozes (Sewer)
  An adder zombie (D:7)
  An adder skeleton (D:4)
  4 worms
  3 dart slugs
  6 leopard geckos
  18 orcs
  6 bats
  3 giant cockroaches
  13 goblins
  2 hobgoblins (D:2)
  14 jackals
  20 kobolds
  4 quokkas
  7 ball pythons
  2 frilled lizards
  2 quokka skeletons
  12 rats
292 creatures vanquished.

Vanquished Creatures (collateral kills)
  Nergalle (Lair:2)
  A troll (D:10)
  3 yaks (Lair:2)
  A wyvern (D:5)
  A bullfrog (D:5)
  A killer bee (D:6)
  Natasha (D:4)
9 creatures vanquished.

Vanquished Creatures (others)
  2 fungi (Lair:2)
2 creatures vanquished.

Grand Total: 303 creatures vanquished

Notes
Turn   | Place    | Note
-------+----------+-------------------------------------------
     0 | D:1      | WigWam the Troll Chaos Knight began the quest for the Orb.
     0 | D:1      | Reached XP level 1. HP: 22/22 MP: 0/0
    82 | D:1      | Reached XP level 2. HP: 29/29 MP: 1/1
   451 | D:1      | XOM: mild Necr miscast
   860 | D:2      | Reached skill level 4 in Unarmed Combat
   886 | D:2      | Reached XP level 3. HP: 32/35 MP: 2/2
   887 | D:2      | Found a faded altar of an unknown god.
   993 | D:2      | Noticed a sky beast
   994 | D:2      | Found a transporter.
   994 | D:2      | Found a hide-covered altar of Uskayaw.
  1003 | D:2      | Found a transporter.
  1061 | D:2      | XOM: harmless Conj miscast
  1076 | D:2      | Killed a sky beast
  1076 | D:2      | Reached skill level 5 in Unarmed Combat
  1076 | D:2      | Reached XP level 4. HP: 44/44 MP: 3/3
  1120 | D:2      | Found a burning altar of Makhleb.
  1126 | D:2      | Reached XP level 5. HP: 52/52 MP: 4/4
  1441 | D:2      | XOM: harmless Pois miscast
  1585 | D:2      | XOM is BORED!
  1585 | D:2      | XOM: medium Ice miscast
  1585 | D:2      | XOM: smoke on damage
  1603 | D:2      | Gained mutation: You have sharp toenails. [potion of mutation]
  1603 | D:2      | Gained mutation: You are clumsy. (Dex -2) [potion of mutation]
  1603 | D:2      | Gained mutation: Your magical capacity is low. (-10% MP) [potion of mutation]
  1603 | D:2      | Gained mutation: You are partially covered in molten scales. (AC +2) [potion of mutation]
  1662 | D:3      | Noticed Jessica
  1671 | D:3      | Killed Jessica
  1769 | D:3      | Noticed Sigmund
  1770 | D:3      | XOM: harmless Erth miscast
  1780 | D:3      | Killed Sigmund
  1780 | D:3      | Reached skill level 6 in Unarmed Combat
  1780 | D:3      | Reached XP level 6. HP: 61/61 MP: 4/4
  2132 | D:3      | Noticed Robin
  2147 | D:3      | Killed Robin
  2404 | D:3      | XOM: harmless Necr miscast
  2568 | D:4      | XOM: butterfly on damage
  2594 | D:4      | Noticed Grinder
  2602 | D:4      | XOM: cast spell 'Olgreb's Toxic Radiance'
  2612 | D:4      | Paralysed by Grinder for 6 turns
  2620 | D:4      | Paralysed by Grinder for 3 turns
  2624 | D:4      | Killed Grinder
  2624 | D:4      | Reached skill level 7 in Unarmed Combat
  2624 | D:4      | Reached XP level 7. HP: 48/70 MP: 5/5
  2705 | D:4      | XOM: harmless Tmut miscast
  2753 | D:4      | Noticed Natasha
  2755 | D:4      | XOM: enchant monster (good)
  2756 | D:4      | Killed Natasha
  2757 | D:4      | Noticed a hippogriff
  2759 | D:4      | XOM: summons 2 friendly demons
  2762 | D:4      | Killed a hippogriff
  2762 | D:4      | Reached skill level 8 in Unarmed Combat
  2794 | D:4      | Reached skill level 5 in Fighting
  2802 | D:4      | Reached XP level 8. HP: 74/79 MP: 6/6
  2827 | D:4      | XOM: god gift: 13 royal jellies
  2840 | D:4      | Noticed Natasha
  2851 | D:4      | Killed Natasha
  2909 | D:4      | XOM: god gift: twisted jewelled staff {god gift}
  3035 | D:4      | Noticed Natasha
  3039 | D:4      | Killed Natasha
  3205 | D:5      | Entered Level 5 of the Dungeon
  3270 | D:5      | Found a glowing drain.
  3293 | Sewer    | Entered a sewer
  3395 | Sewer    | Reached skill level 9 in Unarmed Combat
  3469 | Sewer    | XOM: potion effect (agility)
  3488 | Sewer    | Noticed p0werm0de's ghost (amateur DsHu)
  3490 | Sewer    | XOM: divination: magic mapping
  3495 | Sewer    | Killed p0werm0de's ghost
  3751 | Sewer    | Reached skill level 10 in Unarmed Combat
  3809 | D:5      | XOM: summons friendly ufetubus
  3819 | D:5      | Found a shadowy altar of Dithmenos.
  3822 | D:5      | Reached XP level 9. HP: 69/88 MP: 7/7
  3934 | D:5      | XOM: give mutation
  3934 | D:5      | Gained mutation: Your muscles are strong. (Str +2) [Xom's grace]
  4255 | D:5      | Found a radiant altar of Vehumet.
  4378 | D:5      | Found a runed door.
  4463 | D:5      | Noticed Crazy Yiuf
  4467 | D:5      | Killed Crazy Yiuf
  4699 | D:6      | Found a snail-covered altar of Cheibriados.
  4823 | D:6      | XOM: noise
  4934 | D:6      | XOM: 5-stop teleportation journey
  4969 | D:6      | XOM: harmless Chrm miscast
  4983 | D:6      | XOM is BORED!
  4983 | D:6      | XOM: medium Hex miscast
  5108 | D:6      | XOM: blink monster(s)
  5116 | D:6      | XOM: summons friendly ufetubus
  5119 | D:6      | XOM: summons friendly white imp
  5600 | D:6      | Noticed Pikel
  5604 | D:6      | Noticed Pikel
  5604 | D:6      | Pikel changed into Pikel the spriggan
  5604 | D:6      | XOM: polymorph Pikel -> Pikel the spriggan
  5607 | D:6      | Killed Pikel the spriggan
  5607 | D:6      | Reached skill level 11 in Unarmed Combat
  5888 | D:7      | Found a staircase to the Ecumenical Temple.
  5948 | D:7      | Noticed a troll
  5951 | D:7      | Reached XP level 10. HP: 104/104 MP: 8/8
  5952 | D:7      | Found a stormy altar of Qazlal.
  6057 | D:7      | Found a blossoming altar of Fedhas.
  6138 | D:7      | XOM: harmless Erth miscast
  6168 | D:7      | Found a glowing silver altar of Zin.
  6188 | D:7      | Found a burning altar of Makhleb.
  6310 | D:7      | XOM: scenery: create altars
  6456 | D:7      | XOM: divination: detect creatures
  6507 | D:8      | XOM: smoke on damage
  6991 | D:8      | Noticed Maurice
  6993 | D:8      | XOM: summons 3 hostile shadow creatures
  6996 | D:8      | Noticed a cyclops
  7038 | D:8      | XOM: summons friendly crimson imp
  7041 | D:8      | Killed Maurice
  7051 | D:8      | Killed a cyclops
  7474 | D:8      | XOM: noise
  7517 | D:8      | Noticed a two-headed ogre
  7523 | D:8      | Killed a two-headed ogre
  7555 | D:8      | XOM: harmless Erth miscast
  7909 | D:8      | XOM: give mutation
  7909 | D:8      | Gained mutation: You are dopey. (Int -2) [Xom's mischief]
  8023 | D:8      | XOM: harmless Summ miscast
  8028 | D:8      | Paralysed by a centaur for 3 turns
  8034 | D:8      | Paralysed by a centaur for 2 turns
  8377 | D:9      | Reached skill level 12 in Unarmed Combat
  8390 | D:9      | Found a staircase to the Lair.
  8409 | D:9      | Found a shattered altar of Ashenzari.
  8583 | D:9      | Reached skill level 10 in Fighting
  8909 | D:9      | Found a deep blue altar of Sif Muna.
  8937 | D:9      | Found a basalt altar of Yredelemnul.
  8937 | D:9      | Found an ancient bone altar of Kikubaaqudgha.
  8940 | D:9      | Noticed a death knight
  8966 | D:9      | Found a transporter.
  8968 | D:9      | Found a transporter.
  9034 | D:9      | XOM is BORED!
  9034 | D:9      | XOM: mild Necr miscast
  9140 | D:10     | Entered Level 10 of the Dungeon
  9182 | D:10     | XOM: fog
  9223 | D:10     | Reached XP level 11. HP: 116/118 MP: 8/8
  9223 | D:10     | XOM: noise
  9227 | D:10     | XOM: 6-stop teleportation journey
  9337 | D:10     | Noticed a two-headed ogre
  9339 | D:10     | XOM: noise
  9343 | D:10     | Killed a two-headed ogre
  9371 | D:10     | XOM: silly message
  9793 | D:10     | XOM: summons 11 friendly demons
 10075 | D:10     | XOM: cast spell 'Shadow Creatures'
 10265 | Lair:1   | Entered Level 1 of the Lair of Beasts
 10282 | Lair:1   | XOM: noise
 10373 | Lair:1   | Found the +27 Lear's hauberk
 10522 | Lair:1   | XOM: divination: detect items
 10529 | Lair:1   | XOM: confuse monster(s)
 10616 | Lair:1   | Found a deep blue altar of Sif Muna.
 10766 | Lair:1   | XOM: harmless Hex miscast
 10814 | Lair:1   | XOM: harmless Erth miscast
 10826 | Lair:1   | XOM: divination: detect creatures
 11081 | Lair:2   | XOM is BORED!
 11081 | Lair:2   | XOM: noise
 11150 | Lair:2   | XOM: polymorph spiny frog -> salamander
 11154 | Lair:2   | Noticed a lindwurm
 11154 | Lair:2   | a salamander changed into a lindwurm
 11154 | Lair:2   | XOM: polymorph salamander -> lindwurm
 11156 | Lair:2   | XOM: butterfly on damage
 11157 | Lair:2   | Killed a lindwurm
 11225 | Lair:2   | XOM: 3-stop teleportation journey
 11249 | Lair:2   | XOM: give mutations
 11249 | Lair:2   | Lost mutation: You are clumsy. (Dex -2) [Xom's mischief]
 11249 | Lair:2   | Gained mutation: Your body sometimes deteriorates upon taking damage. [Xom's mischief]
 11255 | Lair:2   | XOM: cleaving
 11258 | Lair:2   | Reached skill level 13 in Unarmed Combat
 11259 | Lair:2   | Noticed Nergalle
 11263 | Lair:2   | XOM: scenery: create altars
 11266 | Lair:2   | XOM: summons 11 friendly demons
 11277 | Lair:2   | Killed Nergalle
 11420 | Lair:2   | XOM: 5-stop teleportation journey
 11441 | Lair:2   | XOM: divination: detect items
 11452 | Lair:2   | Found a staircase to the Snake Pit.
 12070 | Lair:2   | XOM: give mutations
 12070 | Lair:2   | Gained mutation: You have a pair of small horns on your head. [Xom's grace]
 12070 | Lair:2   | Gained mutation: You are partially covered in iridescent scales. (AC +2) [Xom's grace]
 12070 | Lair:2   | Gained mutation: You are partially covered in yellow scales. (AC +2) [Xom's grace]
 12070 | Lair:2   | Gained mutation: You have supernaturally acute eyesight. (SInv) [Xom's grace]
 12391 | Lair:2   | XOM: divination: detect creatures
 12406 | Lair:1   | Slain by a swamp worm

Vault maps used:
D:1:      nicolae_arrival_washed_ashore
D:2:      gammafunk_temple_overflow_arena, chequers_ecumenical_altar_island,
          makhleb_heckhound_becter
D:3:      uniq_sigmund, uniq_jessica, uniq_robin
D:4:      uniq_grinder, uniq_natasha
D:5:      vehumet_statue, portal_sewer_entry_a, first_bread,
          nicolae_dithmenos_the_darkroom, uniq_crazy_yiuf_cottage
D:6:      cheibrodos_worm_habitat, uniq_pikel
D:7:      zin_scriptorium, grunt_qazlal_clouds, fedhas_altar_1,
          kennysheep_mini_moat, temple_fountains
D:8:      uniq_maurice
D:9:      gammafunk_temple_of_torment, nicolae_ashenzari_panopticon,
          nicolae_overflow_crystal_walls
D:10:     hangedman_stone_soup
Lair:1:   basic_altar
Lair:2:   nicolae_swamp_entry_splash_gauntlet, guppyfry_snake_entry_garden,
          infiniplex_staircase_pool, serial_bayou_shore_a, uniq_nergalle
Sewer:    sewer_co_tree

Skill      XL: |  1  2  3  4  5  6  7  8  9 10 11 |
---------------+----------------------------------+-----
Unarmed Combat | 4 5 6 7 8 10 11 12 13 | 13.3
Fighting       | 3 4 5 6 8 10 11 | 11.6
Dodging        | 3 |  3.7

Action                   |  1- 3 |  4- 6 |  7- 9 | 10-12 || total
-------------------------+-------+-------+-------+-------++-------
Melee: Unarmed           |    82 |    85 |   272 |   355 ||   794
       Punch             |     1 |       |     9 |    16 ||    26
       Kick              |       |    10 |    54 |    90 ||   154
       Headbutt          |       |       |       |     3 ||     3
Evoke: Wand              |       |       |     1 |     3 ||     4
  Use: Scroll            |       |     6 |     7 |     4 ||    17
       Potion            |       |     2 |     5 |     5 ||    12
 Stab: Sleeping          |       |       |     1 |       ||     1
       Invisible         |       |       |       |     1 ||     1
  Eat: Chunk             |    15 |    14 |    30 |    57 ||   116
       Bread ration      |       |       |       |     2 ||     2
Armor: Robe              |    39 |    29 |    83 |   114 ||   265
       Skin              |       |     3 |       |       ||     3
Dodge: Dodged            |    40 |    27 |   129 |   147 ||   343

Table legend:
 A = Spawn XP
 B = Non-spawn XP
 C = Spawn XP percentage of total XP
 D = Spawn monster count
 E = Non-spawn monster count
 F = Spawn count percentage of total count
 G = Total turns spent on level
                    A         B        C        D         E        F      G
               +---------+---------+-------+---------+---------+-------+---------
         Total |       0 |   21319 |   0.0 |       0 |     301 |   0.0 | 12406
               +---------+---------+-------+---------+---------+-------+---------
           D:1 |       0 |      34 |   0.0 |       0 |      21 |   0.0 |   780
           D:2 |       0 |     189 |   0.0 |       0 |      10 |   0.0 |   863
           D:3 |       0 |     416 |   0.0 |       0 |      24 |   0.0 |   919
           D:4 |       0 |    1056 |   0.0 |       0 |      31 |   0.0 |   643
           D:5 |       0 |     853 |   0.0 |       0 |      24 |   0.0 |   809
           D:6 |       0 |    1306 |   0.0 |       0 |      21 |   0.0 |  1171
           D:7 |       0 |    1461 |   0.0 |       0 |      29 |   0.0 |   789
           D:8 |       0 |    2899 |   0.0 |       0 |      28 |   0.0 |  1897
           D:9 |       0 |    1481 |   0.0 |       0 |      12 |   0.0 |   777
          D:10 |       0 |    2857 |   0.0 |       0 |      32 |   0.0 |  1119
        Lair:1 |       0 |    2640 |   0.0 |       0 |      13 |   0.0 |   686
        Lair:2 |       0 |    5233 |   0.0 |       0 |      27 |   0.0 |  1419
         Sewer |       0 |     894 |   0.0 |       0 |      29 |   0.0 |   498
               +---------+---------+-------+---------+---------+-------+---------
